 Dungeon Crawl Stone Soup version 0.30-a0-986-g7f2e898f52 (webtiles) character file.

Game seed: 10392259501610437833

475364 Querens the Hoplite (level 25, -3/217 HPs)
             Began as a Formicid Fighter on Mar 31, 2023.
             Was a High Priest of Okawaru.
             Killed from afar by a wretched star (31 damage)
             ... with a lance of force
             ... on level 2 of the Abyss on Apr 2, 2023.
             The game lasted 03:17:00 (29833 turns).

Querens the Hoplite (Formicid Fighter)             Turns: 29833, Time: 03:17:01

Health: -3/217     AC: 32    Str: 26      XL:     25   Next: 25%
Magic:  1/34       EV:  8    Int:  1 (7)  God:    Okawaru [*****.]
Gold:   3492       SH: 26    Dex: 13      Spells: 24/24 levels left

rFire   + + .      SeeInvis +    R - +7 lajatang of Order {silver, rMut}
rCold   . . .      Faith    .    K - +2 tower shield {rF+}
rNeg    + + +      Spirit   .    t - +2 plate armour "Rijanoel" {Fly rF+ rN+}
rPois   +          Reflect  .    (helmet unavailable)
rElec   .          Rampage  .    v - +2 cloak {rPois}
rCorr   +                        Z - +2 pair of gloves
rMut    +                        U - +0 pair of boots "Ihieceq" {rC- Regen+ SInv}
Will    ++...                    k - amulet of regeneration Stlth
                                 o - ring of Vehumet's Displeasure {rC+ rN+ rCorr Stlth+}
HPRegen 2.16/turn                n - ring of Reimbursement {rPois rN+ rCorr Slay+3 SInv}
MPRegen 0.24/turn

@: flying, unable to read, unable to drink
A: permanent stasis, dig shafts and tunnels, antennae 3, four strong arms,
talons 1, mutation resistance 1, dopey 1[+1], [weak 2], [inability to drink
after injury 2], [inability to read after injury 2]
}: 4/15 runes: decaying, serpentine, slimy, silver
a: Dig, Shaft Self, Renounce Religion, Heroism, Finesse, Duel


You were on level 2 of the Abyss.
You worshipped Okawaru.
Okawaru was extremely pleased with you.
You visited 9 branches of the dungeon, and saw 42 of its levels.
You visited the Abyss 1 time.
You visited 1 bazaar.
You also visited: Gauntlet and Ice Cave.

You collected 6464 gold pieces.
You spent 2972 gold pieces at shops.

Inventory:

Hand Weapons
 u - a +9 heavy executioner's axe
 G - the +11 battleaxe "Ogyxan" {venom, rPois rC+}
   (You bought it in a shop on level 2 of the Orcish Mines)

   rC:        It protects you from cold.
   rPois:     It protects you from poison.
 N - a +2 heavy triple crossbow
 R - the +7 lajatang of Order (weapon) {silver, rMut}
   (You took it off a vault sentinel on level 2 of the Vaults)

   rMut:      It protects you from mutation.
Missiles
 y - a throwing net
Armour
 i - the +2 pair of boots of the Cartwright {rC- rCorr Slay+3}
   (Okawaru gifted it to you on level 4 of the Vaults)

   Slay:      It affects your accuracy & damage with ranged weapons and melee
   (+3).
   rC:        It makes you vulnerable to cold.
   rCorr:     It protects you from acid and corrosion.
 q - the +0 pair of gloves of Snakes and Ladders {Will++}
   (You found it in a Gauntlet)

   Will:      It greatly increases your willpower.
 t - the +2 plate armour "Rijanoel" (worn) {Fly rF+ rN+}
   (Okawaru gifted it to you on level 1 of the Lair of Beasts)

   rF:        It protects you from fire.
   rN:        It protects you from negative energy.
   Fly:       It grants you flight.
 v - a +2 cloak of poison resistance (worn)
 A - the +0 pair of fencer's gloves {Riposte Dex+3}
   (You found it on level 5 of the Vaults)

   Riposte:   It allows the wearer to riposte with melee weapons, swiftly
   retaliating against missed or blocked melee attacks.
   Dex:       It affects your dexterity (+3).
 F - a +1 plate armour of cold resistance
 K - a +2 tower shield of fire resistance (worn)
 T - a +0 pair of boots
 U - the +0 pair of boots "Ihieceq" (worn) {rC- Regen+ SInv}
   (Okawaru gifted it to you on level 1 of the Orcish Mines)

   rC:        It makes you vulnerable to cold.
   SInv:      It lets you see invisible.
   Regen:     It increases your rate of health regeneration.
 V - a +2 chain mail of fire resistance
 Z - a +2 pair of gloves (worn)
Jewellery
 c - a ring of ice
 k - an amulet of regeneration (around neck)
 n - the ring of Reimbursement (right hand) {rPois rN+ rCorr Slay+3 SInv}
   (You bought it in a shop on level 1 of the Snake Pit)

   [ring of poison resistance]

   Slay:      It affects your accuracy & damage with ranged weapons and melee
   (+3).
   rPois:     It protects you from poison.
   rN:        It protects you from negative energy.
   SInv:      It lets you see invisible.
   rCorr:     It protects you from acid and corrosion.
 o - the ring of Vehumet's Displeasure (left hand) {rC+ rN+ rCorr Stlth+}
   (You acquired it on level 3 of the Lair of Beasts)

   [ring of resist corrosion]

   rC:        It protects you from cold.
   rN:        It protects you from negative energy.
   rCorr:     It protects you from acid and corrosion.
   Stlth:     It makes you more stealthy.
 s - an amulet of reflection
 z - a ring of willpower
 C - a +6 ring of strength
 E - a ring of protection from cold
Wands
 a - a wand of digging (6)
 r - a wand of iceblast (22)
 X - a wand of acid (17)
Scrolls
 g - a scroll of fog
 h - 12 scrolls of immolation
 m - 9 scrolls of magic mapping
 x - a scroll of brand weapon
 B - 5 scrolls of silence
 I - 5 scrolls of enchant armour
 M - 5 scrolls of poison
 W - a scroll of enchant weapon
Potions
 b - 7 potions of lignification
 d - a potion of might
 e - 3 potions of cancellation
 f - 17 potions of curing
 j - a potion of attraction
 l - 6 potions of heal wounds
 p - 3 potions of invisibility
 w - 5 potions of flight
 J - 4 potions of mutation
 L - 9 potions of brilliance
 O - 5 potions of resistance
 P - 3 potions of magic
 S - 8 potions of ambrosia
Miscellaneous
 D - a condenser vane
 Q - a box of beasts


   Skills:
 + Level 22.0 Fighting
 * Level 22.1 Axes
 + Level 22.0 Armour
 + Level 25.5 Shields
 - Level 15.0 Invocations


You had 24 spell levels left.
You didn't know any spells.
Your spell library contained the following spells:

 Spells                   Type           Power      Damage    Failure   Level
 Apportation              Tloc           0%         N/A       98%         1
 Kiss of Death            Conj/Necr      0%         2d5       98%         1
 Necrotise                Necr           0%         1d4       98%         1
 Sandblast                Erth           0%         2d4       98%         1
 Cigotuvi's Dreadful Rot  Necr/Pois/Air  0%         N/A       99%         2
 Lesser Beckoning         Tloc           0%         N/A       99%         2
 Momentum Strike          Conj/Tloc      0%         3d8       99%         2
 Passwall                 Tmut/Erth      0%         N/A       99%         2
 Poisonous Vapours        Pois/Air       0%         N/A       99%         2
 Wereblood                Tmut           0%         N/A       99%         2
 Confusing Touch          Hex            0%         N/A       100%        3
 Frozen Ramparts          Ice            0%         1d1       100%        3
 Gell's Gravitas          Tloc           0%         N/A       100%        3
 Kindle Blastsparks       Fire/Tloc/Air  0%         2d10      100%        3
 Ozocubu's Armour         Ice            0%         N/A       100%        3
 Portal Projectile        Hex/Tloc       0%         N/A       100%        3
 Stone Arrow              Conj/Erth      0%         3d7       100%        3
 Teleport Other           Tloc           0%         N/A       100%        3
 Vampiric Draining        Necr           0%         2d6       100%        3
 Anguish                  Hex/Necr       0%         N/A       100%        4
 Dispel Undead            Necr           0%         3d6       100%        4
 Flame Wave               Conj/Fire      0%         2d4       100%        4
 Ice Form                 Ice/Tmut       0%         N/A       100%        4
 Manifold Assault         Tloc           0%         N/A       100%        4
 Passage of Golubria      Tloc           0%         N/A       100%        4
 Petrify                  Tmut/Erth      0%         N/A       100%        4
 Agony                    Necr           0%         N/A       100%        5
 Arcjolt                  Conj/Air       0%         1d10      100%        5
 Blade Hands              Tmut           0%         N/A       100%        5
 Borgnjor's Vile Clutch   Necr/Erth      0%         N/A       100%        5
 Fireball                 Conj/Fire      0%         3d3       100%        5
 Iskenderun's Battlesphe  Conj           0%         2d6       100%        5
 Metabolic Englaciation   Hex/Ice        0%         N/A       100%        5
 Silence                  Hex/Air        0%         N/A       100%        5
 Yara's Violent Unravell  Hex/Tmut       0%         3d3       100%        5
 Conjure Ball Lightning   Conj/Air       0%         3x3d6     100%        6
 Dispersal                Tloc           0%         N/A       100%        6
 Eringya's Noxious Bog    Tmut/Pois      0%         N/A       100%        6
 Iron Shot                Conj/Erth      0%         9d1       100%        6
 Statue Form              Tmut/Erth      0%         N/A       100%        6
 Enfeeble                 Hex            0%         N/A       100%        7
 Ozocubu's Refrigeration  Ice            0%         4d7       100%        7
 Storm Form               Tmut/Air       0%         N/A       100%        7
 Lehudib's Crystal Spear  Conj/Erth      0%         10d2      100%        8
 Maxwell's Capacitive Co  Air            0%         ∞         100%        8
 Blink                    Tloc           Unusable   N/A       N/A         2
 Call Imp                 Summ           Unusable   N/A       N/A         2
 Swiftness                Air            Unusable   N/A       N/A         3
 Animate Armour           Summ/Erth      Unusable   N/A       N/A         4
 Animate Dead             Necr           Unusable   N/A       N/A         4
 Summon Ice Beast         Ice/Summ       Unusable   N/A       N/A         4
 Death Channel            Necr           Unusable   N/A       N/A         6
 Malign Gateway           Summ/Tloc      Unusable   N/A       N/A         7
 Dragon's Call            Summ           Unusable   N/A       N/A         9

Dungeon Overview and Level Annotations

Branches:
Dungeon (15/15)            Temple (1/1) D:6            Lair (5/5) D:9
  Swamp (4/4) Lair:3        Snake (4/4) Lair:2        Slime (5/5) Lair:4
    Orc (2/2) D:10            Elf (0/3) Orc:2        Vaults (5/5) D:13
  Crypt (0/3) Vaults:3     Depths (1/4) D:15          IceCv (visited)
Gauntlet (visited)

Altars:
Ashenzari
Cheibriados
Dithmenos
Elyvilon
Fedhas
Gozag
Hepliaklqana
Kikubaaqudgha
Makhleb
Nemelex Xobeh
Okawaru
Qazlal
Ru
Sif Muna
Trog
Uskayaw
Vehumet
Wu Jian
Xom
Yredelemnul
Zin
The Shining One
Jiyva

Shops:
D:3 (   D:8 ?   Orc:2 *[(:   Snake:1 *=!   Snake:3 (   Vaults:1 *

Portals:
Hell: Depths:1
Abyss: Depths:1
Trove: D:13 (give 5 scrolls of fog)

Annotations:
D:8 3 runed translucent doors, Kiciri's ghost, novice DjFE
Lair:5 1 runed translucent door, Dixzokha's ghost, journeyman MiFi


Innate Abilities, Weirdness & Mutations

You cannot be hasted, slowed, berserked, paralysed or teleported.
You can dig through walls and to a lower floor.
You have a pair of large antennae on your head. (SInv)
Your four strong arms can wield two-handed weapons with a shield.
You have sharp toenails.
You are somewhat resistant to further mutation.
[You are very dopey. (Int -4)]
[You are very weak. (Str -4)]
[You sometimes lose the ability to drink potions when taking damage.]
[You sometimes lose the ability to read scrolls when taking damage.]


Message History

You slice the lorocyproca!!
The lorocyproca is almost dead.
The lorocyproca hits you.
* * * LOW HITPOINT WARNING * * *
You feel your power leaking away. The lorocyproca hits you.
* * * LOW HITPOINT WARNING * * *
The wretched star pulses with an eldritch light!
You feel stupid.
Unknown command.
Unknown command.
Unknown command.
You miss the lorocyproca.
The lorocyproca is almost dead.
You block the lorocyproca's attack.
You barely miss the lorocyproca.
The lorocyproca is almost dead.
The lorocyproca hits you!
* * * LOW HITPOINT WARNING * * *
The wretched star pulses with an eldritch light!
You block the lorocyproca's attack.
You slice the lorocyproca!!
You kill the lorocyproca!
Okawaru accepts your kill.
The wretched star glows turbulently.
You block the lance of force.
Your Fighting skill increases to level 22!
You slash the small abomination!
The silver sears the small abomination!
You destroy the small abomination!
Okawaru accepts your kill.
The wretched star pulses with an eldritch light! x2
You occasionally lose the ability to read scrolls when taking damage.
You lose the ability to read scrolls when taking damage more often.
You occasionally lose the ability to drink potions when taking damage.
You lose the ability to drink potions when taking damage more often.
The wretched star glows turbulently.
The lance of force hits you!!
You feel threatened and lose the ability to read scrolls!
You feel threatened and lose the ability to drink potions!
You die...

.. .# . #. #. #
.. ..# # # .# .
# .##.# .
#.#...# .# .
#.##.#x ...####.
#...#.#..#......
#..#.## ### #
#....###†## #
..##@.*..# .# .
. .###.#.§# ##..
. .# . .## . #.
. .. ..... . . .
. . .....†.. #
.# #.## ∩ .# # .
# # # . # .#§###
. # # . . .. #


You could see a wretched star.

Vanquished Creatures
  the Royal Jelly (Slime:5)
  A dread lich (Vaults:5)
  Sojobo (Vaults:2)
  The ghost of Joepramp the Sorcerer, a veteran DjFE of Hepliaklqana (Depths:1)
  Vashnia (Snake:4)
  Xtahua (Vaults:3)
  Bai Suzhen (Vaults:4)
  The ghost of Yhutz the Peltast, a veteran MiFi of Qazlal (Vaults:3)
  The ghost of Foasmeck the Peltast, a veteran MiFi of Qazlal (Vaults:3)
  2 golden dragons (Vaults:5)
  3 bone dragons (Abyss:2)
  The ghost of Corraure the Unseen, an adept FoFi of Okawaru (Vaults:3)
  2 tentacled monstrosities
  Mlioglotl (Swamp:4)
  A Hell Sentinel (Abyss:2)
  Jorgrun (Orc:1)
  The ghost of Kiqipt the Purifying Human, an adept HuMo of Elyvilon (Vaults:3)
  A lich (Vaults:4)
  An Executioner (Abyss:2)
  3 titans
  A quicksilver dragon (Vaults:5)
  2 tentacled starspawn (Abyss:2)
  2 sphinxes (Vaults:5)
  The ghost of fly the Nimble, an adept DgDe (Snake:4)
  The ghost of Ignak the Ogre Mage, an adept OgHW of Elyvilon (Swamp:1)
  2 storm dragons
  13 acid blobs
  A shadow dragon (Vaults:4)
  2 thorn hunters (Swamp:4)
  Kirke (D:12)
  7 azure jellies
  4 nagarajas (Snake:4)
  11 tengu reavers
  A daeva (Abyss:2)
  Roxanne (Swamp:3)
  An iron dragon (Vaults:5)
  The ghost of Hosunepni the Eviscerator, an adept FeBe of Trog (Vaults:3)
  10 rockslimes
  5 fire giants
  2 deep elf sorcerers
  5 frost giants
  The ghost of Hallut the Thrower, a journeyman OgFi (D:14)
  Aizul (Snake:3)
  A curse skull (Arena)
  4 spectral caustic shrikes (Depths:1)
  20 vault wardens
  An orc warlord (Vaults:3)
  A cacodemon (Abyss:2)
  A reaper (Abyss:2)
  7 stone giants
  18 ironbound preservers
  3 war gargoyles
  A green draconian (Abyss:2)
  7 very ugly things
  11 ironbound thunderhulks
  8 quicksilver oozes
  A lorocyproca (Abyss:2)
  A starflower (Abyss:2)
  2 eleionomae
  A minotaur (Gauntlet)
  A deep elf annihilator (Depths:1)
  12 dire elephants
  9 bunyips
  A starcursed mass (Abyss:2)
  12 ettins
  2 deep elf death magi
  A crystal guardian (Vaults:2)
  A spriggan zombie (Abyss:2)
  5 entropy weavers
  2 jiangshi (Depths:1)
  A fire dragon (Depths:1)
  A merfolk impaler (D:14)
  3 deep elf high priests
  14 yaktaur captains
  10 great orbs of eyes
  21 hydras
  The ghost of NoOffense the Grappler, a journeyman TrMo of Hepliaklqana (D:11)
  5 rakshasas
  2 peacekeepers
  38 vault guards
  12 ironbound frosthearts
  A salamander tyrant (Snake:3)
  4 ogre magi
  2 ghost crabs
  18 naga warriors
  12 anacondas
  7 centaur warriors
  15 two-headed ogres
  Erica (Lair:2)
  5 boulder beetles
  3 alligators
  7 tengu warriors
  2 vampire magi
  12 naga sharpshooters
  A deep troll earth mage (Vaults:1)
  A hell hog (Gauntlet)
  3 death yaks (Lair:4)
  2 spriggan berserkers
  8 shock serpents
  7 hell knights
  A deep elf knight (D:13)
  2 thrashing horrors (Abyss:2)
  6 wretched stars (Abyss:2)
  3 sixfirhies (Abyss:2)
  5 goliath frogs
  3 salamander mystics (Snake:3)
  A shadow wraith (Vaults:3)
  4 skysharks
  31 deep trolls
  A death drake (Abyss:2)
  13 large abominations (Abyss:2)
  5 spriggan druids
  4 skeletal warriors (D:14)
  3 glowing orange brains
  5 sea snakes (Snake:4)
  10 lindwurms
  5 naga ritualists
  10 swamp dragons
  4 orc knights
  A bog body (Swamp:1)
  9 harpies
  A deep elf archer (D:14)
  10 necromancers
  25 ironbound convokers
  6 wizards
  3 deep elf pyromancers
  Pikel (D:6)
  3 phantasmal warriors
  A shining eye (shapeshifter) (Vaults:3)
  A mana viper (shapeshifter) (Vaults:5)
  8 shining eyes
  7 mana vipers
  7 salamanders
  A manticore (D:11)
  20 ugly things
  2 tengu skeletons
  An orc sorcerer (Orc:1)
  14 cyclopes
  A frost giant zombie (Depths:1)
  2 stone giant zombies (Depths:1)
  38 black mambas
  21 vault sentinels
  13 naga magi
  13 elephants
  5 will-o-the-wisps
  A worldbinder (Abyss:2)
  5 guardian serpents
  3 smoke demons (Abyss:2)
  3 eyes of devastation
  Joseph (D:7)
  A frost giant skeleton (Vaults:1)
  An ice statue (IceCv)
  3 gargoyles (D:12)
  A torpor snail (Lair:1)
  2 apocalypse crabs (Abyss:2)
  A dire elephant skeleton (Abyss:2)
  An orange demon (Abyss:2)
  11 cane toads
  29 yaktaurs
  An unseen horror (D:11)
  13 ice devils
  A rime drake (Lair:4)
  11 komodo dragons
  7 freezing wraiths
  2 anaconda simulacra (IceCv)
  A yaktaur skeleton (Vaults:1)
  A tengu conjurer (D:15)
  2 ancient zymes (Abyss:2)
  A troll (shapeshifter) (D:14)
  5 trolls
  3 meliai (D:15)
  A queen bee (Lair:2)
  A bloated husk (Swamp:4)
  8 polar bears
  12 tyrant leeches
  15 hornets
  A hellwing (Abyss:2)
  13 raiju (Abyss:2)
  9 dream sheep
  13 blink frogs
  2 jumping spiders
  157 slime creatures
  A shadow (D:10)
  A ynoxinul (Abyss:2)
  21 spriggans
  5 wraiths
  60 yaks
  4 fire bats (Gauntlet)
  8 wyverns
  8 golden eyes
  2 steam dragons
  3 basilisks
  23 humans
  3 water elementals
  9 vampire mosquitoes
  3 neqoxecs
  4 redbacks
  4 death yak simulacra (IceCv)
  A yaktaur simulacrum (Vaults:1)
  A redback (shapeshifter) (D:15)
  16 swamp worms
  35 nagas
  Menkaure (D:5)
  2 harpy simulacra (IceCv)
  A glowing shapeshifter zombie (Vaults:1)
  2 wargs (Orc:1)
  3 acid dragons
  11 water moccasins
  2 hydra simulacra (IceCv)
  3 hell hounds (Gauntlet)
  8 swamp drakes (Swamp:4)
  2 sky beasts (D:7)
  2 ice beasts
  13 orc warriors
  An ettin simulacrum (Depths:1)
  3 black bears
  8 ogres
  32 wolves
  4 lemures (D:5)
  10 boggarts
  10 centaurs
  A phantom (D:10)
  3 kobold brigands
  4 gnoll sergeants
  13 bullfrogs
  4 cane toad simulacra (IceCv)
  2 scorpions
  2 two-headed ogre simulacra (IceCv)
  8 wights
  4 elephant simulacra (IceCv)
  19 killer bees (Lair:2)
  5 electric eels (Lair:1)
  4 howler monkeys
  3 lava snakes (Lair:2)
  4 small abominations (Abyss:2)
  4 quasits
  A hound (D:5)
  5 orc priests
  Crazy Yiuf (D:4)
  2 jellies
  2 sleepcaps
  Jessica (D:3)
  3 iguanas
  20 orc wizards
  7 hell rats (Lair:1)
  A troll simulacrum (IceCv)
  A spriggan simulacrum (IceCv)
  2 polar bear simulacra (IceCv)
  6 wolf simulacra (IceCv)
  8 ogre zombies (D:10)
  14 gnolls
  11 adders
  A naga simulacrum (IceCv)
  A shadow imp (D:6)
  3 white imps
  4 ufetubi
  A worm (D:4)
  3 dart slugs
  65 orcs
  7 endoplasms
  2 giant cockroaches
  8 goblins
  5 hobgoblins
  6 jackals
  18 kobolds
  6 quokkas
  5 ball pythons
  7 bats
  6 frilled lizards
  2 goblin zombies (D:10)
  A hobgoblin skeleton (D:10)
  9 hobgoblin zombies (D:10)
  3 orc skeletons (D:10)
  10 orc zombies (D:10)
  5 rats
  A starspawn tentacle (Abyss:1)
1802 creatures vanquished.

Vanquished Creatures (others)
  A sphinx (Vaults:5)
  A shadow dragon (Vaults:5)
  2 vault guards (Vaults:5)
  2 phantasmal warriors (Vaults:5)
  2 bloated husks
  A swamp worm (Swamp:2)
  A human (D:6)
  2 ogres (Vaults:5)
  An orc wizard (Orc:1)
  3 demonic plants (Gauntlet)
  16 foxfires
  25 fungi
  29 plants
  8 starspawn tentacles
  13 withered plants (Gauntlet)
107 creatures vanquished.

Grand Total: 1909 creatures vanquished

Notes
Turn   | Place    | Note
-------+----------+-------------------------------------------
     0 | D:1      | Querens the Formicid Fighter began the quest for the Orb.
     0 | D:1      | Reached XP level 1. HP: 18/18 MP: 1/1
    54 | D:1      | Reached XP level 2. HP: 22/24 MP: 2/2
   236 | D:1      | Reached XP level 3. HP: 29/29 MP: 3/3
   657 | D:2      | Reached XP level 4. HP: 37/37 MP: 4/4
  1247 | D:3      | Reached XP level 5. HP: 36/42 MP: 5/5
  1252 | D:3      | Noticed Jessica
  1253 | D:3      | Found Geuzavas's Weapon Shoppe.
  1259 | D:3      | Killed Jessica
  1260 | D:3      | Reached skill level 5 in Shields
  1873 | D:4      | Found a sacrificial altar of Ru.
  1877 | D:4      | Found a bloodstained altar of Trog.
  1922 | D:4      | Reached XP level 6. HP: 49/49 MP: 6/6
  1930 | D:4      | Found a runed translucent door.
  2193 | D:4      | Noticed a black bear
  2202 | D:4      | Killed a black bear
  2387 | D:4      | Identified the +4 mace of the Dark Horse {freeze, rN++
                  | Int+5}
  2401 | D:4      | Found a blossoming altar of Fedhas.
  2401 | D:4      | Found a hide-covered altar of Uskayaw.
  2617 | D:4      | Noticed Crazy Yiuf
  2648 | D:4      | Killed Crazy Yiuf
  2687 | D:5      | Entered Level 5 of the Dungeon
  2759 | D:5      | Reached XP level 7. HP: 55/55 MP: 7/7
  2767 | D:5      | Reached skill level 5 in Fighting
  2824 | D:5      | Reached skill level 5 in Armour
  2824 | D:5      | Reached skill level 6 in Shields
  3055 | D:5      | Noticed Menkaure
  3096 | D:5      | Killed Menkaure
  3097 | D:5      | Reached XP level 8. HP: 30/64 MP: 8/8
  3439 | D:5      | Reached skill level 7 in Shields
  3482 | D:6      | Reached skill level 5 in Axes
  3517 | D:6      | Noticed Pikel
  3643 | D:6      | Killed Pikel
  3644 | D:6      | Reached skill level 8 in Shields
  3644 | D:6      | Reached XP level 9. HP: 42/71 MP: 9/9
  3923 | D:6      | Found a staircase to the Ecumenical Temple.
  3939 | Temple   | Entered the Ecumenical Temple
  3949 | Temple   | Became a worshipper of Warmaster Okawaru
  4225 | D:6      | Found an ancient bone altar of Kikubaaqudgha.
  4448 | D:7      | Noticed Joseph
  4461 | D:7      | Killed Joseph
  4461 | D:7      | Reached * piety under Okawaru
  4462 | D:7      | Reached skill level 9 in Shields
  4608 | D:7      | Noticed a deep elf pyromancer
  4625 | D:7      | Killed a deep elf pyromancer
  4625 | D:7      | Reached ** piety under Okawaru
  4626 | D:7      | Reached XP level 10. HP: 67/80 MP: 8/10
  4809 | D:7      | Reached skill level 1 in Invocations
  4958 | D:8      | Found Nauwnoze's Magic Scroll Boutique.
  4977 | D:8      | Bought a scroll of identify for 22 gold pieces
  4977 | D:8      | Bought a scroll of identify for 22 gold pieces
  4977 | D:8      | Bought a scroll of fear for 44 gold pieces
  4977 | D:8      | Bought a scroll of immolation for 44 gold pieces
  4977 | D:8      | Bought a scroll of vulnerability for 44 gold pieces
  4977 | D:8      | Bought a scroll of amnesia for 44 gold pieces
  4977 | D:8      | Bought a scroll of enchant armour for 82 gold pieces
  4977 | D:8      | Bought a scroll of blinking for 82 gold pieces
  5097 | D:8      | Reached skill level 10 in Shields
  5277 | D:8      | Reached *** piety under Okawaru
  5299 | D:8      | Found a white marble altar of Elyvilon.
  5359 | D:8      | Found a shimmering altar of Xom.
  5448 | D:8      | Found a runed translucent gate.
  5448 | D:8      | Found a runed translucent gate.
  5448 | D:8      | Found a runed translucent gate.
  5478 | D:8      | Noticed Kiciri's ghost (novice DjFE)
  5509 | D:9      | Reached **** piety under Okawaru
  5510 | D:9      | Reached XP level 11. HP: 73/89 MP: 12/14
  5627 | D:9      | Received a gift from Okawaru
  5630 | D:9      | Reached skill level 11 in Shields
  5786 | D:9      | Found a staircase to the Lair.
  5822 | D:9      | Reached skill level 5 in Invocations
  5828 | D:9      | Noticed a two-headed ogre
  5839 | D:9      | Killed a two-headed ogre
  5913 | D:9      | Got the Grimoire of the Map and the Coals
  5999 | D:10     | Entered Level 10 of the Dungeon
  6091 | D:10     | Reached ***** piety under Okawaru
  6297 | D:10     | Found a staircase to the Orcish Mines.
  6322 | D:10     | Received a gift from Okawaru
  6474 | D:10     | Noticed a two-headed ogre
  6486 | D:10     | Killed a two-headed ogre
  6487 | D:10     | Reached skill level 10 in Fighting
  6487 | D:10     | Reached skill level 10 in Armour
  6490 | D:10     | Noticed a cyclops
  6490 | D:10     | Noticed a cyclops
  6588 | D:10     | Killed a cyclops
  6589 | D:10     | Reached XP level 12. HP: 46/97 MP: 16/16
  6643 | D:10     | Reached skill level 12 in Shields
  6674 | D:10     | Identified the staff of conjuration "Wixurgh" {Int+3}
  6839 | Orc:1    | Entered Level 1 of the Orcish Mines
  6959 | Orc:2    | Entered Level 2 of the Orcish Mines
  6974 | Orc:2    | Noticed a stone giant
  7040 | Orc:1    | Killed a stone giant
  7040 | Orc:1    | Identified the +0 pair of boots "Ihieceq" {rC- Regen+ SInv}
                  | (Okawaru gifted it to you on level 1 of the Orcish Mines)
  7040 | Orc:1    | Received a gift from Okawaru
  7171 | Orc:2    | Found Zikotzes's Book Shop.
  7378 | Orc:1    | Noticed Jorgrun
  7425 | Orc:1    | Killed Jorgrun
  7433 | Orc:1    | Noticed a boulder beetle
  7456 | Orc:1    | Killed a boulder beetle
  7796 | Orc:1    | Reached skill level 13 in Shields
  7856 | Orc:2    | Noticed an ettin
  7857 | Orc:2    | Found Soat's Antique Weapon Boutique.
  7866 | Orc:2    | Killed an ettin
  7871 | Orc:2    | Reached skill level 10 in Axes
  7871 | Orc:2    | Reached XP level 13. HP: 75/106 MP: 17/19
  7881 | Orc:2    | Found a staircase to the Elven Halls.
  7882 | Orc:2    | Noticed an ettin
  7883 | Orc:2    | Found Namnox's General Store.
  7931 | Orc:2    | Killed an ettin
  7969 | Orc:2    | Found Oxehousm's Antique Armour Shop.
  7969 | Orc:2    | Noticed an ettin
  7978 | Orc:2    | Killed an ettin
  8109 | Orc:2    | Bought the +11 battleaxe "Ogyxan" {venom, rPois rC+} for
                  | 810 gold pieces
  8109 | Orc:2    | Bought 2 potions of resistance for 200 gold pieces
  8240 | Lair:1   | Entered Level 1 of the Lair of Beasts
  8665 | Lair:1   | Identified the +2 plate armour "Rijanoel" {Fly rF+ rN+}
                  | (Okawaru gifted it to you on level 1 of the Lair of Beasts)
  8665 | Lair:1   | Received a gift from Okawaru
  8776 | Lair:2   | Reached skill level 14 in Shields
  8828 | Lair:2   | Noticed Erica
  8837 | Lair:2   | Killed Erica
  8977 | Lair:2   | Reached skill level 10 in Invocations
  9057 | Lair:2   | Reached XP level 14. HP: 116/116 MP: 21/21
  9132 | Lair:2   | Found a staircase to the Snake Pit.
  9228 | Lair:3   | Found a staircase to the Swamp.
  9311 | Arena    | Entered the Arena
  9311 | Arena    | HP: 5/116 [six-headed hydra (7)]
  9763 | Lair:3   | Identified a scroll of acquirement
  9764 | Lair:3   | Acquired the ring of Vehumet's Displeasure {rC+ rN+ rCorr
                  | Stlth+}
  9789 | Lair:4   | Found a staircase to the Slime Pits.
  9836 | Lair:4   | Reached skill level 15 in Shields
  9852 | Lair:4   | Received a gift from Okawaru
 10276 | Lair:5   | Entered Level 5 of the Lair of Beasts
 10287 | Lair:5   | Reached XP level 15. HP: 92/124 MP: 23/23
 10426 | Lair:5   | Identified the +1 scale mail "Veiwketo" {rC+} (Okawaru
                  | gifted it to you on level 5 of the Lair of Beasts)
 10426 | Lair:5   | Received a gift from Okawaru
 10446 | Lair:5   | Got the Omnibus of the Volley
 10578 | Lair:5   | Found a frozen archway.
 10598 | IceCv    | Entered an ice cave
 10685 | IceCv    | Reached skill level 16 in Shields
 10821 | IceCv    | Found an ancient bone altar of Kikubaaqudgha.
 11363 | Lair:5   | Found a runed translucent door.
 11363 | Lair:5   | Noticed Dixzokha's ghost (journeyman MiFi)
 11564 | Snake:1  | Entered Level 1 of the Snake Pit
 11631 | Snake:1  | Found Satoklo's CLEARANCE SALE!.
 11726 | Snake:1  | Reached ****** piety under Okawaru
 11740 | Snake:1  | Reached XP level 16. HP: 113/133 MP: 25/25
 11788 | Snake:1  | Identified the +9 hand axe "Embalmer" {heavy, *Rage +Blink
                  | Fly Dex+6} (Okawaru gifted it to you on level 1 of the
                  | Snake Pit)
 11788 | Snake:1  | Received a gift from Okawaru
 11850 | Snake:1  | Found Ecvephul's Distillery.
 11850 | Snake:1  | Found Adynof's Jewellery Boutique.
 11868 | Snake:1  | Bought a potion of degeneration for 15 gold pieces
 11976 | Snake:1  | Found a flickering gateway to a bazaar.
 11986 | Bazaar   | Entered a bazaar
 11987 | Bazaar   | Found Cul Sowu's General Store.
 11987 | Bazaar   | Found Owemnumi's Magic Scroll Emporium.
 11988 | Bazaar   | Found Bovast's Antique Armour Boutique.
 12019 | Bazaar   | Found Atanoiz's Magic Scroll Shop.
 12038 | Bazaar   | Bought a potion of heal wounds for 70 gold pieces
 12038 | Bazaar   | Bought a potion of heal wounds for 70 gold pieces
 12038 | Bazaar   | Bought a potion of heal wounds for 70 gold pieces
 12049 | Bazaar   | Bought a tower shield for 103 gold pieces
 12071 | Bazaar   | Bought a scroll of teleportation for 24 gold pieces
 12082 | Bazaar   | Bought a scroll of enchant weapon for 105 gold pieces
 12082 | Bazaar   | Bought a scroll of enchant weapon for 105 gold pieces
 12082 | Bazaar   | Bought a scroll of enchant weapon for 105 gold pieces
 12591 | Snake:2  | Identified the +6 war axe "Xaxoann" {heavy, rN+ Str+2 Dex+3
                  | Stlth-} (Okawaru gifted it to you on level 2 of the Snake
                  | Pit)
 12591 | Snake:2  | Received a gift from Okawaru
 12592 | Snake:2  | Reached skill level 17 in Shields
 12947 | Snake:3  | Noticed Aizul
 12966 | Snake:3  | Killed Aizul
 13422 | Snake:3  | Found Sefeqyudu's Weapon Emporium.
 13477 | Snake:3  | Received a gift from Okawaru
 13611 | Snake:4  | Entered Level 4 of the Snake Pit
 13639 | Snake:4  | Reached skill level 15 in Fighting
 13704 | Snake:4  | Found a transporter.
 13707 | Snake:4  | Noticed fly's ghost (adept DgDe)
 13718 | Snake:4  | Found a transporter.
 13743 | Snake:4  | Reached skill level 15 in Armour
 13753 | Snake:4  | Killed fly's ghost
 13755 | Snake:4  | Reached XP level 17. HP: 90/142 MP: 27/27
 14102 | Snake:4  | Received a gift from Okawaru
 14498 | Snake:4  | Reached skill level 18 in Shields
 14550 | Snake:4  | Noticed Vashnia
 14576 | Snake:4  | Received a gift from Okawaru
 14607 | Snake:4  | Killed Vashnia
 14712 | Snake:4  | Got a serpentine rune of Zot
 14925 | Swamp:1  | Entered Level 1 of the Swamp
 14953 | Swamp:1  | Received a gift from Okawaru
 14963 | Swamp:1  | Reached skill level 15 in Invocations
 14971 | Swamp:1  | Found a runed translucent door.
 14976 | Swamp:1  | Noticed Ignak's ghost (adept OgHW)
 14994 | Swamp:1  | Killed Ignak's ghost
 15147 | Swamp:1  | Reached XP level 18. HP: 123/151 MP: 29/29
 15538 | Swamp:2  | Found a shimmering altar of Xom.
 15719 | Swamp:3  | Reached skill level 19 in Shields
 15773 | Swamp:3  | Noticed Roxanne
 15786 | Swamp:3  | Killed Roxanne
 15975 | Swamp:3  | Reached skill level 15 in Axes
 16174 | Swamp:4  | Entered Level 4 of the Swamp
 16276 | Swamp:4  | Identified the +5 hand axe "Yriasaap" {heavy, rN+ Int+4}
 16355 | Swamp:4  | Received a gift from Okawaru
 16441 | Swamp:4  | Got a decaying rune of Zot
 16699 | Swamp:4  | Noticed Mlioglotl
 16708 | Swamp:4  | Killed Mlioglotl
 16912 | Slime:1  | Entered Level 1 of the Pits of Slime
 16914 | Slime:1  | Noticed an acid blob
 16923 | Slime:1  | Received a gift from Okawaru
 16923 | Slime:1  | Killed an acid blob
 17057 | Slime:3  | Reached XP level 19. HP: 134/161 MP: 30/30
 17184 | Slime:4  | Gained mutation: Your body sometimes deteriorates upon
                  | taking damage. [a shining eye]
 17186 | Slime:4  | Gained mutation: [You are dopey. (Int -2)] [a shining eye]
 17204 | Slime:4  | Reached skill level 20 in Shields
 17238 | Slime:5  | Entered Level 5 of the Pits of Slime
 17257 | Slime:5  | Gained mutation: You are vulnerable to cold. (rC-) [a
                  | shining eye]
 17258 | Slime:5  | Identified the +4 broad axe of Focus {flame, Fly Int+3}
                  | (Okawaru gifted it to you on level 5 of the Pits of Slime)
 17258 | Slime:5  | Received a gift from Okawaru
 17263 | Slime:5  | Gained mutation: You possess an exceptional clarity of
                  | mind. [a shining eye]
 17279 | Slime:5  | Gained mutation: Your body often deteriorates upon taking
                  | damage. [a shining eye]
 17467 | Slime:2  | Gained mutation: [You are weak. (Str -2)] [a shining eye]
 17761 | Slime:1  | Gained mutation: You occasionally shout uncontrollably at
                  | your foes. [a shining eye]
 17919 | Slime:4  | Gained mutation: [You occasionally lose the ability to
                  | drink potions when taking damage.] [a shining eye]
 17921 | Slime:4  | Gained mutation: You have hidden genetic defects. [a
                  | shining eye]
 17923 | Slime:4  | Gained mutation: [You occasionally lose the ability to read
                  | scrolls when taking damage.] [a shining eye]
 17928 | Slime:4  | Lost mutation: You have hidden genetic defects. [potion of
                  | mutation]
 17928 | Slime:4  | Lost mutation: [You are weak. (Str -2)] [potion of
                  | mutation]
 17928 | Slime:4  | Gained mutation: Your magical capacity is low. (-10% MP)
                  | [potion of mutation]
 17928 | Slime:4  | Lost mutation: Your body often deteriorates upon taking
                  | damage. [potion of mutation]
 17928 | Slime:4  | Gained mutation: You passively dampen the noise of your
                  | surroundings. [potion of mutation]
 18127 | Slime:2  | Identified the scarf of Teshreno {repulsion, Dex+5}
                  | (Okawaru gifted it to you on level 2 of the Pits of Slime)
 18127 | Slime:2  | Received a gift from Okawaru
 18377 | Slime:4  | Lost mutation: You are vulnerable to cold. (rC-) [potion of
                  | mutation]
 18377 | Slime:4  | Lost mutation: Your magical capacity is low. (-10% MP)
                  | [potion of mutation]
 18377 | Slime:4  | Lost mutation: You occasionally shout uncontrollably at
                  | your foes. [potion of mutation]
 18377 | Slime:4  | Lost mutation: [You occasionally lose the ability to drink
                  | potions when taking damage.] [potion of mutation]
 18377 | Slime:4  | Gained mutation: Potions are less effective at restoring
                  | your health. [potion of mutation]
 18377 | Slime:4  | Gained mutation: You are partially covered in iridescent
                  | scales. (AC +2) [potion of mutation]
 18378 | Slime:4  | Lost mutation: [You occasionally lose the ability to read
                  | scrolls when taking damage.] [potion of mutation]
 18378 | Slime:4  | Lost mutation: Your body sometimes deteriorates upon taking
                  | damage. [potion of mutation]
 18378 | Slime:4  | Lost mutation: You possess an exceptional clarity of mind.
                  | [potion of mutation]
 18378 | Slime:4  | Gained mutation: You are frail. (-10% HP) [potion of
                  | mutation]
 18378 | Slime:4  | Gained mutation: You possess an exceptional clarity of
                  | mind. [potion of mutation]
 18379 | Slime:4  | Lost mutation: [You are dopey. (Int -2)] [potion of
                  | mutation]
 18379 | Slime:4  | Lost mutation: You possess an exceptional clarity of mind.
                  | [potion of mutation]
 18379 | Slime:4  | Lost mutation: You are partially covered in iridescent
                  | scales. (AC +2) [potion of mutation]
 18379 | Slime:4  | Gained mutation: You have sharp toenails. [potion of
                  | mutation]
 18379 | Slime:4  | Gained mutation: Your flesh is heat resistant. (rF+)
                  | [potion of mutation]
 18379 | Slime:4  | Lost mutation: Your flesh is heat resistant. (rF+) [potion
                  | of mutation]
 18380 | Slime:4  | Lost mutation: Potions are less effective at restoring your
                  | health. [potion of mutation]
 18380 | Slime:4  | Lost mutation: You are frail. (-10% HP) [potion of
                  | mutation]
 18380 | Slime:4  | Lost mutation: You passively dampen the noise of your
                  | surroundings. [potion of mutation]
 18380 | Slime:4  | Gained mutation: [You are dopey. (Int -2)] [potion of
                  | mutation]
 18380 | Slime:4  | Gained mutation: You are somewhat resistant to further
                  | mutation. [potion of mutation]
 18595 | Slime:5  | Found a viscous altar of Jiyva.
 18596 | Slime:5  | Noticed the Royal Jelly
 18612 | Slime:5  | Killed the Royal Jelly
 18624 | Arena    | Entered the Arena
 18780 | Slime:5  | Reached XP level 20. HP: 137/170 MP: 19/31
 18811 | Slime:5  | Got a slimy rune of Zot
 18835 | Slime:5  | Identified the +2 helmet "Uvawuk" {rPois}
 18845 | Slime:5  | Got Doluegg Hohu's Atlas of the Singularity
 18871 | Slime:5  | Identified the +3 sling of Grace {antimagic, rN+ Stlth+}
 18880 | Slime:5  | Identified the +2 ring mail of the Worm {Fly Will+}
 18900 | Slime:5  | Got The Fundamentals of Magic
 19146 | D:11     | Reached skill level 21 in Shields
 19379 | D:11     | Found a transporter.
 19381 | D:11     | Noticed NoOffense's ghost (journeyman TrMo)
 19392 | D:11     | Found a transporter.
 19409 | D:11     | Killed NoOffense's ghost
 19851 | D:12     | Noticed Kirke
 19861 | D:12     | Killed Kirke
 20198 | D:13     | Found a portal to a secret trove of treasure.
 20464 | D:13     | Received a gift from Okawaru
 20479 | D:13     | Found a gate to the Vaults.
 20606 | D:13     | Found a sacrificial altar of Ru.
 20700 | D:14     | Found a runed translucent gate.
 20700 | D:14     | Found a runed translucent gate.
 20700 | D:14     | Found a runed translucent gate.
 20701 | D:14     | Noticed Hallut's ghost (journeyman OgFi)
 20704 | D:14     | Found an iron altar of Okawaru.
 20730 | D:14     | Killed Hallut's ghost
 20851 | D:14     | Found a gate leading to a gauntlet.
 20863 | Gauntlet | Entered a Gauntlet
 20863 | Gauntlet | Found a transporter.
 20872 | Gauntlet | Found a runed translucent door.
 20872 | Gauntlet | Found a transporter.
 20874 | Gauntlet | Found a transporter.
 20877 | Gauntlet | Found a transporter.
 20893 | Gauntlet | Found a transporter.
 20908 | Gauntlet | Found a transporter.
 20926 | Gauntlet | Found a transporter.
 20929 | Gauntlet | Found a transporter.
 20955 | Gauntlet | Found a transporter.
 20958 | Gauntlet | Found a transporter.
 20982 | Gauntlet | Found a transporter.
 20990 | Gauntlet | Found a transporter.
 21031 | Gauntlet | Identified the +0 pair of gloves of Snakes and Ladders
                  | {Will++}
 21093 | Gauntlet | Identified the +1 great sword "Vakaz" {flame, +Blink Str-2
                  | Int-2 Dex+7}
 21093 | Gauntlet | Identified the +3 halberd of Compound Interest {venom,
                  | +Blink rF+}
 21093 | Gauntlet | Identified the staff of fire "Beof Hioput" {rF+ rCorr}
 21094 | Gauntlet | Got the Folio of the Galvanic Union
 21094 | Gauntlet | Got Amaomel's Handbook of the Heated Nimbus
 21615 | D:15     | Entered Level 15 of the Dungeon
 21626 | D:15     | Acquired 866 gold pieces
 21688 | D:15     | Received a gift from Okawaru
 21957 | D:15     | Found a staircase to the Depths.
 22099 | Vaults:1 | Entered Level 1 of the Vaults
 22174 | Vaults:1 | Found Pameamp's General Store.
 22271 | Arena    | Entered the Arena
 22331 | Vaults:1 | Reached XP level 21. HP: 179/179 MP: 32/32
 22340 | Vaults:1 | Reached skill level 22 in Shields
 23172 | Vaults:2 | Noticed Sojobo
 23601 | Vaults:2 | Identified the +0 pair of boots of Utwica {rCorr} (Okawaru
                  | gifted it to you on level 2 of the Vaults)
 23601 | Vaults:2 | Received a gift from Okawaru
 23626 | Vaults:2 | Killed Sojobo
 24220 | Vaults:3 | Reached skill level 23 in Shields
 24220 | Vaults:3 | Reached XP level 22. HP: 189/189 MP: 33/33
 24358 | Vaults:3 | Found a runed translucent gate.
 24358 | Vaults:3 | Found a runed translucent gate.
 24358 | Vaults:3 | Found a runed translucent gate.
 24358 | Vaults:3 | Noticed Corraure's ghost (adept FoFi)
 24358 | Vaults:3 | Noticed Hosunepni's ghost (adept FeBe)
 24358 | Vaults:3 | Noticed Yhutz's ghost (veteran MiFi)
 24358 | Vaults:3 | Noticed Kiqipt's ghost (adept HuMo)
 24358 | Vaults:3 | Noticed Foasmeck's ghost (veteran MiFi)
 24376 | Vaults:3 | Killed Corraure's ghost
 24378 | Vaults:3 | Killed Foasmeck's ghost
 24380 | Vaults:3 | Killed Kiqipt's ghost
 24383 | Vaults:3 | Killed Yhutz's ghost
 24389 | Vaults:3 | Killed Hosunepni's ghost
 24403 | Vaults:3 | Identified the staff of conjuration "Zuutimet" {rElec rF-
                  | Int+2}
 24410 | Vaults:3 | Identified the +5 spear "Arbiter" {vamp, Int+3}
 24469 | Arena    | Entered the Arena
 24596 | Vaults:3 | Found a staircase to the Crypt.
 24697 | Vaults:3 | Received a gift from Okawaru
 24794 | Vaults:3 | Noticed Xtahua
 24799 | Vaults:3 | Killed Xtahua
 24876 | Vaults:3 | Identified the +2 leather armour of Jazxayck {rElec Regen+
                  | Str+3}
 24896 | Vaults:3 | Identified the +4 flail "Tiudotho" {flame, Drain Will+
                  | Stlth+}
 25293 | Vaults:4 | Identified the +2 pair of boots of the Cartwright {rC-
                  | rCorr Slay+3} (Okawaru gifted it to you on level 4 of the
                  | Vaults)
 25293 | Vaults:4 | Received a gift from Okawaru
 25461 | Vaults:4 | Reached XP level 23. HP: 127/198 MP: 34/34
 25893 | Vaults:4 | Noticed Bai Suzhen
 25899 | Vaults:4 | Killed Bai Suzhen
 25938 | Vaults:4 | Reached skill level 24 in Shields
 26189 | Vaults:5 | Entered Level 5 of the Vaults
 26378 | Vaults:4 | Upgraded the game from 0.30-a0-967-g9b59a09336 to
                  | 0.30-a0-986-g7f2e898f52
 26422 | Vaults:5 | Noticed a golden dragon
 26422 | Vaults:5 | Noticed a dread lich
 26813 | Snake:1  | Bought the ring of Reimbursement {rPois rN+ rCorr Slay+3
                  | SInv} for 911 gold pieces
 27169 | Vaults:5 | Noticed a golden dragon
 27177 | Vaults:5 | Killed a golden dragon
 27181 | Vaults:5 | Killed a golden dragon
 27274 | Vaults:5 | Killed a dread lich
 27274 | Vaults:5 | Received a gift from Okawaru
 27275 | Arena    | Entered the Arena
 27418 | Vaults:5 | Reached XP level 24. HP: 156/208 MP: 30/34
 27570 | Vaults:5 | Identified the +2 demon trident of Puajocs {freeze, Str+6
                  | Dex+3}
 27914 | Vaults:5 | Found the +0 pair of fencer's gloves {Riposte Dex+3}
 28019 | Vaults:5 | Found the +7 captain's cutlass {speed, disarm}
 28032 | Vaults:5 | Got the Notes on Composition and Adjuration
 28047 | Vaults:5 | Received a gift from Okawaru
 28096 | Vaults:5 | Identified the staff of death "Sawkup" {rN+ rCorr MP-9
                  | Dex+2}
 28139 | Vaults:5 | Got a silver rune of Zot
 28194 | Vaults:5 | Identified the +0 helmet of Ymonkoud {Harm +Blink rF- rN+}
 28488 | Depths:1 | Entered Level 1 of the Depths
 28635 | Depths:1 | Reached skill level 25 in Shields
 28722 | Depths:1 | Found a hide-covered altar of Uskayaw.
 28742 | Depths:1 | Found a runed translucent door.
 28742 | Depths:1 | Noticed Joepramp's ghost (veteran DjFE)
 28753 | Depths:1 | Killed Joepramp's ghost
 28842 | Depths:1 | Found a gateway to Hell.
 28865 | Depths:1 | Identified the +5 hand axe "Limunkuz" {flame, rC+ SInv}
                  | (Okawaru gifted it to you on level 1 of the Depths)
 28865 | Depths:1 | Received a gift from Okawaru
 28969 | Depths:1 | Found a one-way gate to the infinite horrors of the Abyss.
 29023 | Depths:1 | Found a shimmering blue altar of Sif Muna.
 29060 | Depths:1 | Voluntarily entered the Abyss.
 29135 | Abyss:2  | Found a corrupted altar of Lugonu.
 29187 | Abyss:2  | Found a corrupted altar of Lugonu.
 29343 | Abyss:2  | Found a corrupted altar of Lugonu.
 29382 | Abyss:2  | Received a gift from Okawaru
 29451 | Abyss:2  | Reached XP level 25. HP: 79/216 MP: 34/34
 29513 | Abyss:2  | Received a gift from Okawaru
 29820 | Abyss:2  | HP: 2/216 [wretched star/lance of force (11)]
 29833 | Abyss:2  | Killed from afar by a wretched star

Illustrated notes

Levels and vault maps discovered:
D:1:      grunt_arrival_lava_bath, layout_loops_ring
D:2:      layout_basic, nicolae_titane
D:3:      layout_basic, serial_shops, nicolae_shop_stone, uniq_jessica
D:4:      layout_basic, grunt_temple_overflow_open, columned_hall_lemuel,
          minmay_misc_feat_columns, grunt_ministairs_11, uniq_crazy_yiuf_cottage
D:5:      layout_loops_corners, uniq_menkaure
D:6:      layout_cave_pods, tgw_kikubaaqudgha, minmay_temple_entry_glass,
          hangedman_glass_teeth, minmay_misc_feat_plants, uniq_pikel
D:7:      layout_loops_cross, uniq_joseph
D:8:      layout_loops_ring, tgw_xom, marbit_many_paths, serial_shops, shop,
          gammafunk_ghost_icy
D:9:      layout_roguey, lair_entry_dummy, due_unseen_surprise
D:10:     layout_cave_pods, zombieorc2_lemuel, minmay_mirror_moons_of_madness
D:11:     layout_roguey, gammafunk_ghost_stat_death
D:12:     layout_loops_cross, uniq_kirke
D:13:     layout_rooms, grunt_vaults_entry_tiered,
          nicolae_trove_entry_free_sample, nicolae_ru_sacrificial_ziggurat
D:14:     layout_irregular_city, gauntlet_entry_generic,
          infiniplex_staircase_zigzag_5, gammafunk_ghost_fury_of_okawaru
D:15:     gammafunk_enter_depths_forms, layout_basic, drop_trap
Temple:   eino_wide_crystal_templ
Lair:1:   layout_gridlike, minivault_26, serial_bayou_shore_b
Lair:2:   layout_cave_shapes, nicolae_snake_entry_warm_welcome, special_room
          [special_room_bee], grunt_megastairs_3, uniq_erica
Lair:3:   layout_roguey, palyth_hydra_swamp_entry
Lair:4:   layout_gridlike, slime_entry_1, serial_bayou_shore_a,
          grunt_megastairs_2
Lair:5:   minmay_lair_end_enchanted_forest, layout_regular_city,
          ebering_ghost_reflecting_pool, portal_ice_cave_demonic_guard,
          serial_bayou_shore_b
Swamp:1:  layout_basic_swamp, ebering_ghost_reflecting_pool,
          hangedman_swamp_ruin_hall, infiniplex_staircase_pool_2
Swamp:2:  layout_basic_swamp, nicolae_swamp_feature_on_the_river_bank
Swamp:3:  layout_basic_swamp, evilmike_swamp_ruin_rubble_2, swamp_pool1,
          nicolae_swamp_dense_foliage, uniq_roxanne
Swamp:4:  swamp, layout_basic_swamp, swamp_pool4,
          nicolae_swamp_orc_logging_accident, cheibrodos_swamp_pet_leeches,
          infiniplex_staircase_pool, uniq_mlioglotl
Snake:1:  layout_cave_pods, serial_shops, bzr_in_the_mist,
          nicolae_shop_clearance, grunt_megastairs_1, minmay_shoptagon
Snake:2:  layout_honeycomb
Snake:3:  layout_onion, serial_shops, shop, uniq_aizul
Snake:4:  grunt_snake_rune_pools, layout_onion_interference,
          gammafunk_ghost_arena, uniq_vashnia
Slime:1:  layout_caves
Slime:2:  layout_caves
Slime:3:  layout_caves
Slime:4:  layout_caves
Slime:5
Orc:1:    nicolae_orc_accident_3, layout_diamond_mine, rock_pile, uniq_jorgrun
Orc:2:    grunt_orc_gardens, layout_caves, grunt_orc_garden, grunt_orc_garden,
          grunt_orc_garden, grunt_orc_garden, basic_altar,
          hellmonk_bongcloud_opening
Vaults:1: nicolae_vaults_yaktaur_gun_rack, dpeg_vaults_monster_row,
          vaults_dpeg_encased_lava, ontoclasm_vaults_claustrophobia,
          hangedman_vaults_locks, v_misc_18, v_pattern_5,
          ontoclasm_vaults_misaligned, vaults_room_guarded_vault, v_misc_2,
          v_misc_15, v_misc_13, layout_vaults_omnibox, serial_shops,
          nicolae_lakefront_shop
Vaults:2: nicolae_vaults_stairing_the_circle, v_misc_3,
          nicolae_vaults_halls_meeting, vaults_dpeg_ring,
          nicolae_vaults_twisting_passages, v_misc_1, vaults_room_fours,
          nicolae_vaults_little_squares_1, vaults_room_hallway,
          vaults_dpeg_doors, vaults_mumra_chevron, layout_vaults_big_room,
          uniq_sojobo
Vaults:3: gammafunk_ghost_cemetery, minmay_crypt_entry_simple_statues,
          nicolae_vaults_border_crossing, vaults_room_glass_cross,
          nicolae_vaults_shelves_hall, vaults_room_door_hall,
          grunt_vaults_twisty, grunt_vaults_hallway_long,
          nicolae_vaults_ring_of_whatevers, v_misc_16,
          nicolae_vaults_network_star, layout_vaults_ring, uniq_xtahua
Vaults:4: nicolae_vaults_ring_of_whatevers, ontoclasm_vaults_chip, v_misc_33,
          grunt_vaults_hallway_long, nicolae_vaults_arrows,
          nicolae_vaults_mini_display_case, kb_rosetta, vaults_room_corners,
          nicolae_vaults_circle_grid_a, v_misc_16, vaults_room_fours,
          vaults_room_stairs_pillars, serial_ice_h, layout_vaults_maze_snakey,
          uniq_bai_suzhen
Vaults:5
Depths:1: layout_cave_pools, hangedman_abyss_entry_splay, lemuel_tele_altar,
          ebering_ghost_reflecting_pool, pf_hell_entry_tar_river, tgw_sif,
          serial_bayou_shore_b
Abyss:2:  base: Depths:4, evilmike_abyss_exit_glass,
          spicy_abyss_planar_alliance, spicy_abyss_planar_alliance,
          lemuel_flamethrower_hall

Skill      XL: |  1  2  3  4  5  6  7  8  9 10 11 12 13 14 15 16 17 18 19 20 21 22 23 24 25 |
---------------+----------------------------------------------------------------------------+-----
Fighting       | 4 5 6 8 9 10 11 12 13 14 15 16 17 18 19 20 21 22 | 22.0
Axes           | 3 4 5 7 9 10 11 12 13 14 15 16 17 18 19 20 21 22 | 22.1
Armour         | 4 5 6 8 9 10 11 12 13 14 15 17 18 19 20 21 22 | 22.0
Shields        | 5 6 8 9 10 11 13 14 15 16 17 18 19 20 21 23 24 25 | 25.5
Invocations    | 4 6 8 10 11 12 14 15 | 15.0

Action                     |  1- 3 |  4- 6 |  7- 9 | 10-12 | 13-15 | 16-18 | 19-21 | 22-24 | 25-27 || total
---------------------------+-------+-------+-------+-------+-------+-------+-------+-------+-------++-------
  Melee: War axe           |    98 |   206 |   286 |   626 |    35 |       |       |       |       ||  1251
         Mace              |       |       |     3 |       |       |       |       |       |       ||     3
         Battleaxe         |       |       |       |       |   653 |   826 |   588 |       |       ||  2067
         Executioner's axe |       |       |       |       |       |       |   455 |   625 |    31 ||  1111
         Lajatang          |       |       |       |       |       |       |       |   132 |   149 ||   281
  Throw: Throwing net      |       |       |       |       |       |       |     1 |       |       ||     1
 Invoke: Heroism           |       |       |     1 |     4 |     9 |    11 |    14 |    12 |     2 ||    53
         Finesse           |       |       |       |     1 |     2 |     3 |     6 |     5 |       ||    17
         Duel              |       |       |       |       |     1 |       |     2 |     2 |       ||     5
Ability: Dig               |       |       |       |     1 |     7 |     4 |     4 |     1 |       ||    17
  Evoke: Wand              |       |       |       |    10 |    12 |     1 |       |    14 |       ||    37
    Use: Potion            |       |       |     5 |       |     5 |     1 |     9 |    15 |     2 ||    37
         Scroll            |       |       |       |     1 |    10 |    10 |    15 |     5 |       ||    41
   Stab: Invisible         |       |       |       |       |       |       |       |     9 |       ||     9
 Armour: Scale mail        |    41 |    95 |   181 |    33 |       |       |       |       |       ||   350
         Plate armour      |       |       |       |    28 |   643 |   413 |   464 |   490 |   117 ||  2155
         Chain mail        |       |       |       |   259 |    43 |       |       |       |       ||   302
  Dodge: Dodged            |    42 |   115 |   127 |   270 |   356 |   193 |   208 |   246 |    61 ||  1618
  Block: Buckler           |    29 |    56 |   115 |   224 |   374 |    13 |       |       |       ||   811
         Tower shield      |       |       |       |       |       |   890 |  1244 |  1210 |   261 ||  3605

Table legend: (Time is in decaauts)
 A = Elapsed time spent in this place.
 B = Non-inter-level travel time spent in this place.
 C = Inter-level travel time spent in this place.
 D = Time resting spent in this place.
 E = Time spent auto-exploring this place.
 F = Levels seen in this place.
 G = Mean time per level.
                   A        B        C        D        E       F      G
               +--------+--------+--------+--------+--------+-----+--------+
         Total |  30252 |  26479 |   3773 |    251 |     25 |  52 |  581.8 |
       Dungeon |  10427 |   9192 |   1235 |     47 |      0 |  15 |  695.1 |
        Temple |     58 |     46 |     12 |      0 |     25 |   1 |   58.0 |
          Lair |   3278 |   2786 |    492 |      0 |      0 |   5 |  655.6 |
         Swamp |   1873 |   1633 |    240 |      0 |      0 |   4 |  468.2 |
     Snake Pit |   3268 |   2761 |    507 |      8 |      0 |   4 |  817.0 |
    Slime Pits |   1999 |   1944 |     55 |     13 |      0 |   5 |  399.8 |
  Orcish Mines |   1306 |   1229 |     77 |      0 |      0 |   2 |  653.0 |
        Vaults |   5721 |   4600 |   1121 |    176 |      0 |   5 | 1144.2 |
        Depths |    528 |    496 |     32 |      0 |      0 |   1 |  528.0 |
         Abyss |    856 |    856 |      0 |      7 |      0 |   2 |  428.0 |
        Bazaar |    105 |    105 |      0 |      0 |      0 |   1 |  105.0 |
      Ice Cave |    370 |    370 |      0 |      0 |      0 |   1 |  370.0 |
      Gauntlet |    229 |    229 |      0 |      0 |      0 |   1 |  229.0 |
         Arena |    228 |    228 |      0 |      0 |      0 |   5 |   45.6 |
               +--------+--------+--------+--------+--------+-----+--------+

Top non-repeatable levels by time:
Vaults:4: 1696 daAuts
Vaults:3: 1182 daAuts
Vaults:1: 1162 daAuts
 Snake:4: 1146 daAuts
    D:10: 1011 daAuts
Vaults:2: 946 daAuts
     D:4: 911 daAuts
  Lair:5: 872 daAuts
    D:13: 871 daAuts
     D:5: 861 daAuts
 Snake:1: 807 daAuts
 Abyss:2: 784 daAuts
     D:6: 780 daAuts
Vaults:5: 733 daAuts
     D:2: 728 daAuts
